 Dungeon Crawl Stone Soup version 0.21-a0-538-gd16b88a (webtiles) character file.

639 teukkam the Skirmisher (level 7, -5/60 HPs)
             Began as a Gnoll Wanderer on Dec 15, 2017.
             Killed by divine providence
             ... invoked by an orc priest
              (11 damage)
             ... on level 6 of the Dungeon.
             The game lasted 00:16:59 (4187 turns).

teukkam the Skirmisher (Gnoll Wanderer)             Turns: 4187, Time: 00:17:01

Health: -5/60      AC: 11    Str: 17 (20) XL:     7   Next: 50%
Magic:  10/10      EV: 10    Int: 13 (16) God:
Gold:   262        SH:  0    Dex: 11 (14) Spells: 11/11 levels left

rFire    . . .     SeeInvis .   a - +3 quarterstaff
rCold    + + +     Gourm    .   (shield currently unavailable)
rNeg     . . .     Faith    +   s - +0 ice dragon scales
rPois    +         Spirit   .   (no helmet)
rElec    +         Reflect  .   (no cloak)
rCorr    +         Harm     .   w - +0 pair of gloves (curse)
MR       +....                  (no boots)
Stlth    +.........             v - amulet of faith
HPRegen  0.20/turn              m - ring of poison resistance
MPRegen  0.12/turn              C - ring of protection from magic

@: mighty, resistant
A: distributed training, fangs 1, strong nose
a: no special abilities


You were on level 6 of the Dungeon.
You were not hungry.

You visited 1 branch of the dungeon, and saw 6 of its levels.

You collected 262 gold pieces.

Inventory:

Hand Weapons
 a - a +3 quarterstaff (weapon)
 b - a +0 short sword
 e - a +0 dagger
Missiles
 j - 8 tomahawks (quivered)
 l - 114 arrows
 x - 36 poisoned needles
Armour
 s - +0 ice dragon scales (worn)
 w - a cursed +0 pair of gloves (worn)
Jewellery
 g - an uncursed amulet of magic regeneration
 h - an uncursed ring of protection from fire {unknown}
 m - a ring of poison resistance (left hand)
 v - an amulet of faith (around neck)
 C - a ring of protection from magic (right hand)
 F - an uncursed ring of protection from fire {unknown}
Wands
 c - a wand of digging (10)
 r - a wand of paralysis (18)
 A - a wand of enslavement (10)
 H - a wand of iceblast (9)
Scrolls
 p - a scroll of identify
 y - 3 scrolls of enchant armour {unknown}
 z - a scroll of immolation
 B - 2 scrolls of teleportation
 G - a scroll of fog {unknown}
 I - a scroll of remove curse
Potions
 i - a potion of resistance
 q - a potion of magic {unknown}
 u - a potion of ambrosia {unknown}
 D - 2 potions of berserk rage {unknown}
 E - 2 potions of haste
Books
 k - a book of Party Tricks

   Spells                             Type                      Level
   a - Summon Butterflies             Summoning                    1
   b - Apportation                    Translocation                1
   c - Lesser Beckoning               Translocation                3
   d - Tukima's Dance                 Hexes                        3
   e - Alistair's Intoxication        Transmutation/Poison         5
   f - Invisibility                   Hexes                        6
Comestibles
 d - 10 chunks of flesh
 f - 4 bread rations
 o - 4 meat rations


   Skills:
 + Level 7.0 Fighting
 + Level 2.5 Short Blades
 + Level 2.5 Long Blades
 + Level 2.5 Axes
 + Level 2.5 Maces & Flails
 + Level 2.5 Polearms
 + Level 5.2 Staves
 + Level 2.5 Slings
 + Level 2.5 Bows
 + Level 2.5 Crossbows
 + Level 3.6 Throwing
 + Level 2.5 Armour
 + Level 2.5 Dodging
 + Level 4.9 Stealth
 + Level 3.6 Shields
 + Level 3.6 Unarmed Combat
 + Level 2.5 Spellcasting
 + Level 2.0 Conjurations
 + Level 2.0 Hexes
 + Level 2.0 Charms
 + Level 2.0 Summonings
 + Level 2.0 Necromancy
 + Level 2.0 Translocations
 + Level 2.0 Transmutations
 + Level 2.0 Fire Magic
 + Level 2.0 Ice Magic
 + Level 2.0 Air Magic
 + Level 2.0 Earth Magic
 + Level 2.0 Poison Magic
 + Level 2.7 Invocations
 + Level 2.5 Evocations


You had 11 spell levels left.
You didn't know any spells.

Dungeon Overview and Level Annotations

Branches:
Dungeon (6/15)
 Temple: D:4-7

Altars:
Gozag
Kikubaaqudgha
Xom

Annotations:
D:3 KeeTraxx's ghost, amateur OpTm


Innate Abilities, Weirdness & Mutations

Your experience applies equally to all skills.
You have very sharp teeth.
Your uncanny sense of smell can sniff out nearby items.


Message History

Your orc priest hits the orc but does no damage.
The hound bites your orc priest.
It was a potion of degeneration.
There was something very wrong with that liquid.
You feel weakened.
You feel dopey.
You feel clumsy. The orc closely misses you.
The hound barely misses your orc priest.
The orc hits your orc priest with a flail.
Your orc priest closely misses the orc.
Your orc priest hits the hound with a hand axe.
Your orc priest hits the orc but does no damage.
You feel very mighty all of a sudden. The hound bites your orc priest.
Your orc priest dies!
The orc priest calls down the wrath of Beogh upon you.
Beogh smites you!
* * * LOW HITPOINT WARNING * * *
The orc priest calls down the wrath of Beogh upon you.
Beogh smites you!
You die...

...##..##........#
....)..#.........#
"..##..#.........# .(
'####..#.#..###..# (#
...##..#.######..# (#
....####### #....# (# ....#
##>## #....# .# ...## 8...8
####.# o# ...#
#.....#####@###o######
....#8.....8#...oo#.)......
....##.....##..h..ooo......
....##8...8##....o#........
#.###########.. #. . # ∆


You could see a hound, 2 orc priests and 3 orcs.

Vanquished Creatures
  An orc warrior (D:6)
  2 centaurs
  A bullfrog (D:3)
  A howler monkey (D:5)
  A hound (D:5)
  An orc priest (D:6)
  2 orc wizards
  A centaur zombie (D:5)
  A hound skeleton (D:5)
  5 adders
  An ooze (D:1)
  A worm (D:2)
  3 dart slugs
  A leopard gecko (D:1)
  12 orcs
  3 ball pythons
  6 bats
  3 giant cockroaches
  6 goblins
  5 hobgoblins
  9 jackals
  3 kobolds (D:1)
  2 quokkas
  5 rats
76 creatures vanquished.

Vanquished Creatures (others)
  A human (D:4)
  2 orc priests (D:6)
  An orc wizard (D:6)
4 creatures vanquished.

Grand Total: 80 creatures vanquished

Notes
Turn   | Place    | Note
-------+----------+-------------------------------------------
     0 | D:1      | teukkam the Gnoll Wanderer began the quest for the Orb.
     0 | D:1      | teukkam set off with: a +2 quarterstaff, a +0 short sword, a potion of curing, a +0 robe, a +0 dagger, a bread ration
     0 | D:1      | Reached XP level 1. HP: 23/23 MP: 1/1
    52 | D:1      | Reached XP level 2. HP: 29/29 MP: 2/2
   516 | D:1      | Reached XP level 3. HP: 28/35 MP: 3/3
  1255 | D:2      | Reached skill level 1 in Invocations
  1377 | D:3      | Noticed KeeTraxx's ghost (amateur OpTm)
  1446 | D:2      | Reached skill level 1 in Short Blades
  1446 | D:2      | Reached skill level 1 in Long Blades
  1446 | D:2      | Reached skill level 1 in Axes
  1446 | D:2      | Reached skill level 1 in Maces & Flails
  1446 | D:2      | Reached skill level 1 in Polearms
  1446 | D:2      | Reached skill level 1 in Slings
  1446 | D:2      | Reached skill level 1 in Bows
  1446 | D:2      | Reached skill level 1 in Crossbows
  1446 | D:2      | Reached skill level 1 in Armour
  1446 | D:2      | Reached skill level 1 in Dodging
  1446 | D:2      | Reached skill level 1 in Spellcasting
  1446 | D:2      | Reached skill level 1 in Evocations
  1448 | D:2      | Reached XP level 4. HP: 41/41 MP: 5/5
  1740 | D:3      | Found an opulent altar of Gozag.
  1793 | D:3      | Noticed a bullfrog
  1818 | D:3      | Killed a bullfrog
  1818 | D:3      | Reached skill level 1 in Conjurations
  1818 | D:3      | Reached skill level 1 in Hexes
  1818 | D:3      | Reached skill level 1 in Charms
  1818 | D:3      | Reached skill level 1 in Summonings
  1818 | D:3      | Reached skill level 1 in Necromancy
  1818 | D:3      | Reached skill level 1 in Translocations
  1818 | D:3      | Reached skill level 1 in Transmutations
  1818 | D:3      | Reached skill level 1 in Fire Magic
  1818 | D:3      | Reached skill level 1 in Ice Magic
  1818 | D:3      | Reached skill level 1 in Air Magic
  1818 | D:3      | Reached skill level 1 in Earth Magic
  1818 | D:3      | Reached skill level 1 in Poison Magic
  1818 | D:3      | Reached XP level 5. HP: 15/47 MP: 5/7
  2440 | D:4      | Found an ancient bone altar of Kikubaaqudgha.
  2440 | D:4      | Noticed a human
  2443 | D:4      | Killed a human
  2563 | D:5      | Entered Level 5 of the Dungeon
  2930 | D:5      | Reached XP level 6. HP: 51/53 MP: 8/8
  3143 | D:5      | Reached skill level 5 in Staves
  3569 | D:6      | Noticed a two-headed ogre
  3748 | D:6      | Noticed an orc warrior
  3765 | D:6      | Killed an orc warrior
  3765 | D:6      | Reached XP level 7. HP: 20/59 MP: 10/10
  3988 | D:6      | Found a shimmering altar of Xom.
  4027 | D:6      | Reached skill level 7 in Fighting
  4187 | D:6      | Killed from afar by an orc priest

Vault maps used:
D:1:      erik_arrival_blinker_ship, minmay_close_crescents
D:3:      overflow_temple_1_default
D:4:      first_bread, tgw_kikubaaqudgha
D:6:      nicolae_overflow_hidden_temple, kennysheep_mini_moat,
          hangedman_abyss_or_decor_lesser_grid

Skill      XL: |  1  2  3  4  5  6  7 |
---------------+----------------------+-----
Invocations    | 1 2 |  2.7
Short Blades   | 1 2 |  2.5
Long Blades    | 1 2 |  2.5
Axes           | 1 2 |  2.5
Maces & Flails | 1 2 |  2.5
Polearms       | 1 2 |  2.5
Slings         | 1 2 |  2.5
Bows           | 1 2 |  2.5
Crossbows      | 1 2 |  2.5
Armour         | 1 2 |  2.5
Dodging        | 1 2 |  2.5
Spellcasting   | 1 2 |  2.5
Evocations     | 1 2 |  2.5
Conjurations   | 1 2 |  2.0
Hexes          | 1 2 |  2.0
Charms         | 1 2 |  2.0
Summonings     | 1 2 |  2.0
Necromancy     | 1 2 |  2.0
Translocations | 1 2 |  2.0
Transmutations | 1 2 |  2.0
Fire Magic     | 1 2 |  2.0
Ice Magic      | 1 2 |  2.0
Air Magic      | 1 2 |  2.0
Earth Magic    | 1 2 |  2.0
Poison Magic   | 1 2 |  2.0
Throwing       | 3 |  3.6
Shields        | 3 |  3.6
Unarmed Combat | 3 |  3.6
Staves         | 5 |  5.2
Fighting       | 7 |  7.0
Stealth        | |  4.9

Action                   |  1- 3 |  4- 6 |  7- 9 || total
-------------------------+-------+-------+-------++-------
Melee: Quarterstaff      |     8 |    78 |    26 ||   112
       Short sword       |   126 |    96 |       ||   222
       Bite              |    10 |    13 |     2 ||    25
       Punch             |       |     1 |       ||     1
Throw: Tomahawk          |     3 |     8 |     5 ||    16
Evoke: Wand              |       |       |     7 ||     7
  Use: Scroll            |     3 |     5 |       ||     8
       Potion            |     1 |     4 |     3 ||     8
 Stab: Sleeping          |     8 |       |       ||     8
  Eat: Chunk             |     1 |     3 |       ||     4
       Royal jelly       |       |     2 |       ||     2
       Meat ration       |       |     1 |       ||     1
Armor: Robe              |    20 |       |       ||    20
       Ice dragon scales |    22 |    98 |    26 ||   146
Dodge: Dodged            |    71 |    97 |     8 ||   176

Table legend:
 A = Spawn XP
 B = Non-spawn XP
 C = Spawn XP percentage of total XP
 D = Spawn monster count
 E = Non-spawn monster count
 F = Spawn count percentage of total count
 G = Total turns spent on level
                    A         B        C        D         E        F      G
               +---------+---------+-------+---------+---------+-------+---------
         Total |       0 |     913 |   0.0 |       0 |      76 |   0.0 |  4187
               +---------+---------+-------+---------+---------+-------+---------
           D:1 |       0 |      41 |   0.0 |       0 |      19 |   0.0 |   862
           D:2 |       0 |      46 |   0.0 |       0 |      16 |   0.0 |   807
           D:3 |       0 |     111 |   0.0 |       0 |       8 |   0.0 |   474
           D:4 |       0 |      51 |   0.0 |       0 |       7 |   0.0 |   433
           D:5 |       0 |     325 |   0.0 |       0 |      14 |   0.0 |  1161
           D:6 |       0 |     339 |   0.0 |       0 |      12 |   0.0 |   450
               +---------+---------+-------+---------+---------+-------+---------
